 Dungeon Sprint DCSS version 0.14-a0-3439-gb668a25 (console) character file.

18036 rchandra the Unseen (level 11, -9/86 HPs)
             Began as a Vampire Enchanter on Mar 23, 2014.
             Was an Elder of Dithmenos.
             Mangled by a five-headed hydra skeleton (11 damage)
             ... animated by the malice of Kikubaaqudgha
             ... in the Dungeon (Sprint III: "The Ten Rune Challenge").
             The game lasted 00:26:44 (4645 turns).

rchandra the Unseen (Vampire Enchanter)             Turns: 4645, Time: 00:26:44

HP  -9/86        AC  6     Str  7      XL: 11   Next: 77%
MP   3/29        EV 21     Int 18      God: Dithmenos [****..]
Gold 4446        SH  0     Dex 16      Spells:  9 memorised,  0 levels left

rFire  . . .     SeeInvis +     a - +2,+1 dagger (pain)
rCold  + . .     Clarity  .     J - +1 robe {MR+}
rNeg   + + .     Conserve .     (no shield)
rPois  +         rCorr    .     (no helmet)
rElec  .         rRot     +     l - +2 cloak
SustAb . .       Spirit   .     (no gloves)
rMut   .         Warding  .     (no boots)
Saprov . . .     NoTele   +     (no amulet)
MR     ++...                    (no ring)
                                (no ring)

@: regenerating slowly, wreathed by umbra, very resistant to hostile
enchantments, uncannily stealthy
A: bottle blood, fangs 3, see invisible, unbreathing
a: Bat Form, Bottle Blood, Shadow Step, Renounce Religion


You were in the Dungeon.
You worshipped Dithmenos.
Dithmenos was greatly pleased with you.
You were very thirsty.

You visited 1 branch You collected 4446 gold pieces.

Inventory:

Hand weapons
 a - a +2,+1 dagger of pain (weapon)
 b - a +0 blowgun
 E - a +0,+0 dagger
Missiles
 c - 7 curare-tipped needles
 d - 12 darts (quivered)
 G - 9 throwing nets
Armour
 l - a +2 cloak (worn)
 w - a +1 robe of cold resistance
   (You took it off a wizard in the Dungeon)
 J - a +1 robe of magic resistance (worn)
   (You took it off an orc sorcerer in the Dungeon)
Magical devices
 C - a wand of frost (4) {unknown}
Scrolls
 k - 3 scrolls of blinking
 o - a scroll of immolation {unknown}
 p - 3 scrolls of remove curse
 s - a scroll of holy word {unknown}
 t - 2 scrolls of identify
Potions
 f - 2 potions of curing
 g - 3 potions of heal wounds
 h - a potion of haste
 i - 3 potions of magic
 j - a potion of berserk rage
 n - a potion of strong poison {unknown}
 q - 2 potions of cure mutation {unknown}
 r - a potion of mutation {unknown}
 z - a potion of might
Books
 B - Kikubaaqudgha's Incunabulum of Necromancy
   (Kikubaaqudgha gifted it to you in the Dungeon)

   Spells                             Type                      Level
   Bolt of Draining                   Conjuration/Necromancy       5
   *Agony                             Necromancy                   5
   *Dispel Undead                     Necromancy                   5
   Twisted Resurrection               Necromancy                   5
   Simulacrum                         Ice/Necromancy               6
Miscellaneous
 A - a stone of tremors


   Skills:
 + Level 8.2 Fighting
 - Level 10.0 Short Blades
 - Level 3.0 Throwing
 + Level 12.9 Dodging
 + Level 19.8 Stealth
 + Level 10.4 Spellcasting
 - Level 15.0 Hexes
 + Level 11.7 Necromancy
 + Level 3.6 Ice Magic
 + Level 3.5 Invocations
 + Level 5.7 Evocations


You couldn't memorise any spells.
You knew the following spells:

 Your Spells              Type           Power        Failure   Level  Hunger
h - Agony                 Necr           ######..     1%          5    ####...
k - Confuse               Hex            ######..     1%          3    None
l - Dispel Undead         Necr           ######..     1%          5    ####...
u - Enslavement           Hex            ######..     1%          4    ###....
v - Vampiric Draining     Necr           ######....   1%          3    None
y - Ensorcelled Hibernat  Hex/Ice        #####.       1%          2    None
z - Animate Skeleton      Necr           N/A          1%          1    None
V - Invisibility          Hex            ######..     2%          6    ######.
Y - Corona                Hex            ######.      0%          1    None


Dungeon Overview and Level Annotations

Branches:
Dungeon (1/1)

Altars:
Cheibriados
Dithmenos
Elyvilon
Fedhas
Kikubaaqudgha
Makhleb
Nemelex Xobeh
Okawaru
Sif Muna
Trog
Vehumet
Xom
Yredelemnul
Zin
The Shining One

Shops:
D *


Innate Abilities, Weirdness & Mutations

You heal slowly.
You can bottle blood from corpses.
You have razor-sharp teeth.*
You have supernaturally acute eyesight.
You can survive without breathing.*


Message History

Aim: a hill giant skeleton (umbra)
The hill giant skeleton barely resists.
* * * LOW MAGIC WARNING * * *
The giant frog skeleton closely misses you.
The giant frog skeleton completely misses you.
Casting: Enslavement
Confirm with . or Enter, or press ? or * to list all spells.
Aiming: Enslavement
Press: ? - help, Shift-Dir - straight line, f/p - hill giant skeleton
Aim: a hill giant skeleton (foul pestilence, umbra)
The five-headed hydra skeleton barely resists.
* * * LOW MAGIC WARNING * * *
The giant frog skeleton misses you.
The five-headed hydra skeleton bites you but does no damage.
The five-headed hydra skeleton closely misses you.
The five-headed hydra skeleton bites you!
* * * LOW HITPOINT WARNING * * *
The five-headed hydra skeleton bites you but does no damage.
The five-headed hydra skeleton bites you!
You die...

▓#.####.##..###...'.⌠........#
▓.###..##..####...#...######'#
▓#.....##..###....#.⌠.#..#...#
###..##...##.....#...#__#...#
##&.##....#......#'###_.#...#
#..###..##.#.....#...#_.#..%'
#).# #..#####....#___#..'...#
▓▓▓▓▓▓▓▓▓▓▓▓▓▓▓▓▓▓▓▓▓▓▓▓▓▓▓▓▓
+≈.≈.☺≈≈V≈77.....7777≈≈≈.
#≈.≈☺☺≈≈zZ77.≈≈≈≈'77'7≈≈≈
≈≈≈☺☺☺☺≈Z☺'.....#&&77777
≈.≈☺☺☺≈≈☺7777777#.&77777
≈≈≈☺☺☺≈≈≈7777777###'7777
##+####### 77777.##..
77&..##.## 777.##.##.
777..#.##.


You could see a five-headed hydra skeleton, a giant frog skeleton and a hill
giant skeleton.

Vanquished Creatures
  Harold (D)
  Maud (D)
  2 deep elf knights (D)
  Erolcha (D)
  A lindwurm (D)
  Joseph (D)
  A deep elf conjurer (D)
  An orc knight (D)
  An orc sorcerer (D)
  A fire drake (D)
  2 spiny frogs (D)
  A queen bee (D)
  3 deep elf priests (D)
  A komodo dragon (D)
  4 blink frogs (D)
  2 trapdoor spiders (D)
  4 redbacks (D)
  A spatial vortex (D)
  2 hill giants (D)
  A demigod (D)
  A necrophage (D)
  An ogre skeleton (D)
  3 orc warriors (D)
  A swamp drake (D)
  A blink frog zombie (D)
  3 two-headed ogres (D)
  2 brain worms (D)
  A water elemental (D)
  32 killer bees (D)
  A jelly (D)
  6 orc priests (D)
  Crazy Yiuf (D)
  A wizard (D)
  A necromancer (D)
  3 humans (D)
  A kobold demonologist (D)
  A giant mite (D)
  An orc skeleton (D)
  An ooze (D)
  7 orcs (D)
  2 rats (D)
103 creatures vanquished.

Vanquished Creatures (collateral kills)
  A blink frog (D)
  A blink frog skeleton (D)
  A fire drake skeleton (D)
  A swamp drake skeleton (D)
  A goblin skeleton (D)
5 creatures vanquished.

Vanquished Creatures (others)
  2 draconian scorchers (D)
  A yaktaur (D)
  A plant (D)
4 creatures vanquished.

Grand Total: 112 creatures vanquished

Notes
Turn   | Place    | Note
--------------------------------------------------------------
     0 | D        | rchandra, the Vampire Enchanter, began the quest for the Orb.
     0 | D        | Reached XP level 1. HP: 13/13 MP: 3/3
    11 | D        | Huge Dmg: 3 dmg
    19 | D        | Huge Dmg: 4 dmg
    41 | D        | Huge Dmg: 4 dmg
    41 | D        | Reached skill level 2 in Short Blades
    41 | D        | Reached skill level 4 in Stealth
   370 | D        | Reached skill level 3 in Short Blades
   370 | D        | Reached skill level 5 in Stealth
   370 | D        | Reached XP level 2. HP: 19/19 MP: 4/4
   374 | D        | Learned a level 2 spell: Ensorcelled Hibernation
   380 | D        | Noticed Crazy Yiuf
   388 | D        | Killed Crazy Yiuf
   388 | D        | Reached skill level 5 in Short Blades
   388 | D        | Reached skill level 7 in Stealth
   388 | D        | Reached XP level 3. HP: 24/24 MP: 1/6
   398 | D        | Reached skill level 5 in Hexes
   398 | D        | Reached skill level 1 in Ice Magic
   458 | D        | Killed a white draconian scorcher
   542 | D        | Killed a white draconian scorcher
  1626 | D        | Killed a yaktaur
  2404 | D        | Noticed a water elemental
  2406 | D        | Killed a water elemental
  2406 | D        | Reached skill level 3 in Spellcasting
  2406 | D        | Reached skill level 8 in Hexes
  2406 | D        | Reached skill level 3 in Ice Magic
  2406 | D        | Reached XP level 4. HP: 30/30 MP: 6/9
  2411 | D        | Learned a level 3 spell: Confuse
  2433 | D        | Found a radiant altar of Vehumet.
  2434 | D        | Found a deep blue altar of Sif Muna.
  2434 | D        | Found an ancient bone altar of Kikubaaqudgha.
  2434 | D        | Noticed a wizard
  2435 | D        | Killed a wizard
  2435 | D        | Reached skill level 8 in Stealth
  2435 | D        | Reached XP level 5. HP: 35/35 MP: 9/11
  2437 | D        | Reached skill level 3 in Dodging
  2439 | D        | Became a worshipper of Kikubaaqudgha
  2463 | D        | Learned a level 4 spell: Enslavement
  2464 | D        | Found an iron altar of Okawaru.
  2465 | D        | Found a bloodstained altar of Trog.
  2465 | D        | Noticed a human
  2465 | D        | Noticed a human
  2467 | D        | Killed a human
  2467 | D        | Reached skill level 6 in Short Blades
  2467 | D        | Reached skill level 4 in Dodging
  2467 | D        | Reached skill level 10 in Stealth
  2467 | D        | Reached skill level 4 in Spellcasting
  2467 | D        | Reached skill level 9 in Hexes
  2467 | D        | Reached XP level 6. HP: 41/41 MP: 13/16
  2471 | D        | Killed a human
  2471 | D        | Reached skill level 7 in Short Blades
  2471 | D        | Reached skill level 5 in Dodging
  2471 | D        | Reached skill level 12 in Stealth
  2471 | D        | Reached skill level 5 in Spellcasting
  2471 | D        | Reached skill level 10 in Hexes
  2531 | D        | Found a glowing silver altar of Zin.
  2532 | D        | Found a glowing golden altar of the Shining One.
  2532 | D        | Found a white marble altar of Elyvilon.
  2532 | D        | Noticed a deep elf priest
  2536 | D        | Killed a deep elf priest
  2536 | D        | Acquired Kikubaaqudgha's first power
  2536 | D        | Received a gift from Kikubaaqudgha
  2536 | D        | Reached skill level 6 in Dodging
  2536 | D        | Reached skill level 13 in Stealth
  2536 | D        | Reached XP level 7. HP: 46/46 MP: 13/19
  2537 | D        | Identified Kikubaaqudgha's Volume of Darkness (Kikubaaqudgha gifted it to you in the Dungeon)
  2542 | D        | Learned a level 3 spell: Vampiric Draining
  2553 | D        | Found a snail-covered altar of Cheibriados.
  2553 | D        | Noticed a necrophage
  2554 | D        | Found a basalt altar of Yredelemnul.
  2554 | D        | Found a blossoming altar of Fedhas.
  2554 | D        | Noticed a necromancer
  2555 | D        | Killed a necrophage
  2555 | D        | Reached skill level 6 in Spellcasting
  2555 | D        | Reached skill level 11 in Hexes
  2555 | D        | Reached skill level 1 in Necromancy
  2556 | D        | Killed a necromancer
  2556 | D        | Reached skill level 8 in Short Blades
  2577 | D        | Noticed a jelly
  2578 | D        | Noticed a demigod
  2588 | D        | Killed a demigod
  2588 | D        | Reached skill level 1 in Fighting
  2588 | D        | Reached skill level 14 in Stealth
  2588 | D        | Reached skill level 2 in Necromancy
  2621 | D        | Killed a jelly
  2621 | D        | Acquired Kikubaaqudgha's second power
  2726 | D        | Noticed a spatial vortex
  2727 | D        | Found a burning altar of Makhleb.
  2727 | D        | Found a shimmering altar of Xom.
  2727 | D        | Found a shadowy altar of Dithmenos.
  2727 | D        | Found a sparkling altar of Nemelex Xobeh.
  2729 | D        | Killed a spatial vortex
  2729 | D        | Reached skill level 7 in Dodging
  2729 | D        | Reached skill level 3 in Necromancy
  2729 | D        | Reached XP level 8. HP: 54/56 MP: 22/22
  2740 | D        | Learned a level 1 spell: Animate Skeleton
  2747 | D        | Learned a level 6 spell: Invisibility
  2751 | D        | Noticed a two-headed ogre
  2751 | D        | Noticed a two-headed ogre
  2758 | D        | Killed a two-headed ogre
  2758 | D        | Reached skill level 2 in Fighting
  2760 | D        | Killed a two-headed ogre
  2764 | D        | Noticed a two-headed ogre
  2767 | D        | Killed a two-headed ogre
  2772 | D        | Noticed a hill giant
  2775 | D        | Killed a hill giant
  2775 | D        | Received a gift from Kikubaaqudgha
  2775 | D        | Reached skill level 7 in Spellcasting
  2775 | D        | Reached skill level 12 in Hexes
  2775 | D        | Reached skill level 4 in Necromancy
  2776 | D        | Identified Kikubaaqudgha's Incunabulum of Necromancy (Kikubaaqudgha gifted it to you in the Dungeon)
  2780 | D        | Noticed a hill giant
  2780 | D        | Noticed Erolcha
  2782 | D        | Killed Erolcha
  2782 | D        | Reached skill level 4 in Fighting
  2782 | D        | Reached skill level 8 in Dodging
  2782 | D        | Reached skill level 15 in Stealth
  2782 | D        | Reached skill level 5 in Necromancy
  2783 | D        | Killed a hill giant
  2783 | D        | Reached XP level 9. HP: 65/65 MP: 21/24
  2887 | D        | Noticed a redback
  2893 | D        | Noticed a trapdoor spider
  2894 | D        | Noticed a trapdoor spider
  2896 | D        | Killed a trapdoor spider
  2896 | D        | Reached skill level 13 in Hexes
  2899 | D        | Killed a redback
  2899 | D        | Acquired Kikubaaqudgha's third power
  2899 | D        | Reached skill level 8 in Spellcasting
  2899 | D        | Reached skill level 6 in Necromancy
  2904 | D        | Killed a trapdoor spider
  2911 | D        | Noticed a killer bee
  2911 | D        | Noticed a killer bee
  2911 | D        | Noticed a killer bee
  2912 | D        | Noticed a killer bee
  2912 | D        | Noticed a killer bee
  2912 | D        | Noticed a killer bee
  2912 | D        | Noticed a killer bee
  2912 | D        | Noticed a killer bee
  2912 | D        | Noticed a killer bee
  2912 | D        | Noticed a killer bee
  2912 | D        | Noticed a killer bee
  2912 | D        | Noticed a killer bee
  2912 | D        | Noticed a killer bee
  2912 | D        | Noticed a killer bee
  2912 | D        | Noticed a queen bee
  2912 | D        | Noticed a killer bee
  2912 | D        | Noticed a killer bee
  2912 | D        | Noticed a killer bee
  2912 | D        | Noticed a killer bee
  2912 | D        | Noticed a killer bee
  2912 | D        | Noticed a killer bee
  2912 | D        | Noticed a killer bee
  2912 | D        | Noticed a killer bee
  2912 | D        | Noticed a killer bee
  2912 | D        | Noticed a killer bee
  2912 | D        | Noticed a killer bee
  2912 | D        | Noticed a killer bee
  2912 | D        | Noticed a killer bee
  2912 | D        | Noticed a killer bee
  2912 | D        | Noticed a killer bee
  2913 | D        | Killed a killer bee
  2913 | D        | Reached skill level 5 in Fighting
  2913 | D        | Reached skill level 9 in Dodging
  2914 | D        | Killed a killer bee
  2915 | D        | Noticed a killer bee
  2915 | D        | Noticed a killer bee
  2916 | D        | Killed a killer bee
  2917 | D        | Killed a killer bee
  2917 | D        | Acquired Kikubaaqudgha's fourth power
  2917 | D        | Reached skill level 16 in Stealth
  2918 | D        | Noticed a killer bee
  2919 | D        | Killed a killer bee
  2920 | D        | Killed a killer bee
  2923 | D        | Killed a killer bee
  2926 | D        | Killed a killer bee
  2927 | D        | Killed a killer bee
  2933 | D        | Killed a killer bee
  2935 | D        | Killed a killer bee
  2936 | D        | Killed a killer bee
  2937 | D        | Killed a killer bee
  2939 | D        | Killed a killer bee
  2939 | D        | Reached skill level 7 in Necromancy
  2944 | D        | Killed a killer bee
  2948 | D        | Killed a killer bee
  3070 | D        | Killed a killer bee
  3073 | D        | Killed a killer bee
  3076 | D        | Killed a killer bee
  3078 | D        | Killed a killer bee
  3081 | D        | Killed a killer bee
  3083 | D        | Killed a queen bee
  3083 | D        | Reached skill level 14 in Hexes
  3085 | D        | Killed a killer bee
  3085 | D        | Reached skill level 6 in Fighting
  3087 | D        | Killed a killer bee
  3089 | D        | Killed a killer bee
  3092 | D        | Killed a killer bee
  3096 | D        | Killed a killer bee
  3096 | D        | Reached XP level 10. HP: 46/76 MP: 1/27
  3100 | D        | Killed a killer bee
  3102 | D        | Killed a killer bee
  3103 | D        | Killed a killer bee
  3103 | D        | Reached skill level 10 in Dodging
  3103 | D        | Reached skill level 9 in Spellcasting
  3104 | D        | Killed a killer bee
  3112 | D        | Killed a killer bee
  3127 | D        | Killed a killer bee
  3590 | D        | Noticed an orc sorcerer
  3590 | D        | Noticed an orc priest
  3590 | D        | Noticed an orc priest
  3590 | D        | Noticed an orc priest
  3590 | D        | Noticed an orc warrior
  3590 | D        | Noticed an orc warrior
  3590 | D        | Noticed an orc priest
  3591 | D        | Noticed an orc knight
  3592 | D        | Found Froafiopt's Assorted Antiques.
  3592 | D        | Noticed an orc warrior
  3592 | D        | Noticed an orc priest
  3592 | D        | Noticed an orc priest
  3593 | D        | Killed an orc priest
  3597 | D        | Killed an orc sorcerer
  3597 | D        | Reached skill level 17 in Stealth
  3597 | D        | Reached skill level 8 in Necromancy
  3598 | D        | Killed an orc priest
  3599 | D        | Killed an orc warrior
  3602 | D        | Killed an orc warrior
  3606 | D        | Killed an orc priest
  3614 | D        | Killed an orc priest
  3616 | D        | Killed an orc knight
  3617 | D        | Killed an orc priest
  3618 | D        | Killed an orc priest
  3619 | D        | Killed an orc warrior
  3619 | D        | Reached skill level 15 in Hexes
  3624 | D        | Noticed a deep elf priest
  3624 | D        | Noticed a deep elf knight
  3624 | D        | Noticed a deep elf conjurer
  3624 | D        | Noticed a deep elf knight
  3624 | D        | Noticed a deep elf priest
  3630 | D        | Noticed a deep elf demonologist
  3632 | D        | Killed a deep elf conjurer
  3632 | D        | Reached skill level 7 in Fighting
  3632 | D        | Reached skill level 9 in Necromancy
  3633 | D        | Killed a deep elf knight
  3633 | D        | Reached skill level 11 in Dodging
  3635 | D        | Killed a deep elf priest
  3635 | D        | Reached skill level 10 in Spellcasting
  3636 | D        | Killed a deep elf knight
  3636 | D        | Reached skill level 18 in Stealth
  3637 | D        | Killed a deep elf priest
  3638 | D        | Noticed a deep elf demonologist
  3761 | D        | Identified a +2,+1 dagger of pain (a +1,+0 dagger bloodied by Kikubaaqudgha)
  3762 | D        | Huge Dmg: 31 dmg
  4044 | D        | Learned a level 5 spell: Agony
  4117 | D        | Fell from the grace of Kikubaaqudgha
  4117 | D        | Became a worshipper of Dithmenos
  4147 | D        | Noticed Harold
  4148 | D        | Noticed Joseph
  4151 | D        | Killed Harold
  4151 | D        | Reached skill level 2 in Throwing
  4151 | D        | Reached skill level 10 in Necromancy
  4151 | D        | Reached skill level 2 in Evocations
  4151 | D        | Reached XP level 11. HP: 86/86 MP: 24/29
  4153 | D        | Killed Joseph
  4153 | D        | Reached skill level 12 in Dodging
  4153 | D        | Reached skill level 3 in Evocations
  4160 | D        | Learned a level 5 spell: Dispel Undead
  4177 | D        | Noticed a wandering mushroom
  4180 | D        | Noticed a wandering mushroom
  4199 | D        | Noticed a wandering mushroom
  4358 | D        | Noticed a spiny frog
  4358 | D        | Noticed a komodo dragon
  4358 | D        | Noticed a spiny frog
  4361 | D        | Killed a komodo dragon
  4361 | D        | Reached skill level 9 in Short Blades
  4361 | D        | Reached skill level 3 in Throwing
  4363 | D        | Killed a spiny frog
  4367 | D        | Killed a spiny frog
  4367 | D        | Reached skill level 19 in Stealth
  4393 | D        | Noticed a redback
  4394 | D        | Noticed a brain worm
  4395 | D        | Killed a redback
  4395 | D        | Acquired Dithmenos' first power
  4395 | D        | Reached skill level 4 in Evocations
  4399 | D        | Killed a brain worm
  4402 | D        | Noticed a brain worm
  4404 | D        | Killed a brain worm
  4404 | D        | Reached skill level 11 in Necromancy
  4407 | D        | Noticed a lindwurm
  4409 | D        | Huge Dmg: 20 dmg
  4411 | D        | Killed a lindwurm
  4411 | D        | Acquired Dithmenos' second power
  4411 | D        | Reached skill level 1 in Invocations
  4413 | D        | Noticed a redback
  4415 | D        | Killed a redback
  4420 | D        | Noticed a redback
  4421 | D        | Killed a redback
  4422 | D        | Noticed Maud
  4424 | D        | Killed Maud
  4424 | D        | Reached skill level 10 in Short Blades
  4424 | D        | Reached skill level 2 in Invocations
  4424 | D        | Reached skill level 5 in Evocations
  4452 | D        | Noticed a swamp drake
  4452 | D        | Noticed a fire drake
  4453 | D        | Killed a fire drake
  4453 | D        | Acquired Dithmenos' third power
  4453 | D        | Reached skill level 8 in Fighting
  4453 | D        | Reached skill level 3 in Invocations
  4455 | D        | Killed a swamp drake
  4460 | D        | Noticed a blink frog
  4460 | D        | Noticed a blink frog
  4460 | D        | Noticed a blink frog
  4460 | D        | Noticed a blink frog
  4460 | D        | Noticed a blink frog
  4466 | D        | Huge Dmg: 18 dmg
  4466 | D        | Killed a blink frog
  4478 | D        | Huge Dmg: 15 dmg
  4478 | D        | Killed a blink frog
  4481 | D        | Killed a blink frog
  4483 | D        | Huge Dmg: 15 dmg
  4485 | D        | Killed a blink frog
  4496 | D        | Killed a blink frog
  4595 | D        | Huge Dmg: 20 dmg
  4602 | D        | Noticed a soul eater
  4642 | D        | Huge Dmg: 26 dmg
  4645 | D        | HP: 2/86 [five-headed hydra skeleton[the malice of Kikubaaqudgha] (11)]
  4645 | D        | Mangled by a five-headed hydra skeleton

Action                   |  1- 3 |  4- 6 |  7- 9 | 10-12 || total
-------------------------+-------+-------+-------+-------++-------
Melee: Dagger            |    17 |     5 |    59 |    76 ||   157
       Unarmed           |       |       |       |     1 ||     1
 Cast: Corona            |     6 |       |       |       ||     6
       Ensorcelled Hiber |     2 |     4 |    12 |    15 ||    33
       Invisibility      |       |       |     3 |     3 ||     6
       Vampiric Draining |       |       |     2 |       ||     2
       Enslavement       |       |       |       |    10 ||    10
       Confuse           |       |       |       |     2 ||     2
       Dispel Undead     |       |       |       |     1 ||     1
Invok: Receive Corpses   |       |       |       |     1 ||     1
 Abil: End Transformatio |       |       |     1 |     1 ||     2
       Bat Form          |       |       |     1 |     1 ||     2
Evoke: Wand              |       |       |       |     1 ||     1
  Use: Scroll            |       |       |     1 |       ||     1
 Stab: Sleeping          |     5 |     5 |    26 |    45 ||    81
       Invisible         |       |       |    16 |     1 ||    17

Vault maps used:
D:        dungeon_sprint_mu
